 Dungeon Crawl Stone Soup version 0.31.0-9-g3a7656b989 (webtiles) character file.

Game seed: 11932442688201171764

175 qw the Shooter (level 5, -7/26 HPs)
             Began as a Spriggan Hunter on Feb 2, 2024.
             Mangled by Blork the orc
             ... wielding a +2 glaive of distortion
              (21 damage)
             ... on level 4 of the Dungeon.
             The game lasted 00:00:06 (2319 turns).

qw the Shooter (Spriggan Hunter)                    Turns: 2319, Time: 00:00:07

Health: -7/26      AC:  3    Str:  7    XL:     5   Next: 29%
Magic:  6/6        EV: 20    Int: 11    God:
Gold:   120        SH:  0    Dex: 20    Spells: 4/4 levels left

rFire   . . .        a - +0 shortbow
rCold   . . .        (shield currently unavailable)
rNeg    . . .        c - +0 robe
rPois   .            (helmet restricted)
rElec   .            h - +0 cloak
rCorr   .            (gloves unavailable)
SInv    +            (boots unavailable)
Will    .....        (no amulet)
Stlth   ++           (no ring)
HPRegen 0.24/turn    (no ring)
MPRegen 0.10/turn

%: no passive effects
@: very quick
A: very small, no large weapons, unfitting armour, see invisible, speed 3
a: no special abilities


You were on level 4 of the Dungeon.
You visited 1 branch of the dungeon, and saw 4 of its levels.

You collected 120 gold pieces.


Innate Abilities, Weirdness & Mutations

You are very small and have problems with some larger weapons.
You are too small for most types of armour.
You have supernaturally acute eyesight. (SInv)
You cover ground extremely quickly. (Speed+++)


   Skills:
 - Level 2.1 Fighting
 + Level 5.3 Ranged Weapons
 - Level 5.2 Dodging
 - Level 1.5 Stealth


You had 4 spell levels left.
You didn't know any spells.
Your spell library was empty.

Inventory:

Hand Weapons
 a - a +0 shortbow (weapon)
Armour
 c - a +0 robe (worn)
 h - a +0 cloak (worn)
Wands
 g - a wand of flame (5)
Potions
 d - a potion of curing
 f - a potion of mutation

Dungeon Overview and Level Annotations

Branches:
Dungeon (4/15)
 Temple: D:4-7

Altars:
Nemelex Xobeh
Sif Muna
Trog
Xom

Annotations:
D:4 Blork the orc


Message History

There is a stone staircase leading down here.
You climb downwards.
Found a leather armour and a robe.
There is a stone staircase leading up here.
Waypoint 3 assigned to D:4.
An endoplasm comes into view.
You shoot an arrow. The arrow hits the endoplasm.
The endoplasm quivers.
The endoplasm is severely wounded.
You shoot an arrow. The arrow hits the endoplasm.
You kill the endoplasm!
Found a stone staircase leading down.
Found a stone staircase leading up.
Enter note:
Enter note:
Enter note: Blork the orc comes into view.
He is wielding a +2 glaive of distortion.
You shoot an arrow. The arrow hits Blork the orc!
Blork the orc shouts!
Blork the orc is moderately wounded.
You shoot an arrow. The arrow hits Blork the orc.
Blork the orc is heavily wounded.
You shoot an arrow. The arrow hits Blork the orc.
Blork the orc is heavily wounded.
You shoot an arrow. The arrow hits Blork the orc.
Blork the orc is severely wounded.
You shoot an arrow. The arrow hits Blork the orc.
Blork the orc is severely wounded.
Blork the orc misses you.
You shoot an arrow. The arrow hits Blork the orc.
Blork the orc is almost dead.
Blork the orc misses you.
You shoot an arrow. The arrow hits Blork the orc.
Blork the orc is almost dead.
Blork the orc hits you from afar with a +2 glaive of distortion!
Space warps around you.
You shoot an arrow. The arrow barely misses Blork the orc.
Blork the orc hits you from afar with a +2 glaive of distortion!!
Ouch! That really hurt!
You die...

###......#.
#...###............#...
##....##
#..........#.<.
#..#...###............#
#.##..................
#.##.....##.........#
#.......###.....o...
#.....#.#.........#
###.....>.......@.###..
.....##...............#
.##..##.........#######
##.#..........#
#............#
####.........#
#.........# #.........#
#.........#


You could see Blork the orc.

Vanquished Creatures
  An orc priest (D:3)
  Jessica (D:3)
  2 adders (D:2)
  2 gnolls
  A white imp (D:3)
  A dart slug (D:2)
  A ribbon worm (D:3)
  2 orcs (D:3)
  5 bats (D:1)
  8 endoplasms
  3 giant cockroaches
  2 goblins
  4 hobgoblins
  8 jackals
  3 quokkas
  4 ball pythons
  11 frilled lizards (D:1)
  5 kobolds
  4 rats (D:1)
68 creatures vanquished.

Notes
Turn   | Place    | Note
-------+----------+-------------------------------------------
     0 | D:1      | qw the Spriggan Hunter began the quest for the Orb.
     0 | D:1      | Reached XP level 1. HP: 10/10 MP: 2/2
     0 | D:1      | 0 ||| qw: Version: 0.3-a-155-g5e7d8dd
     0 | D:1      | 0 ||| qw: Game counter: 2652
     0 | D:1      | 0 ||| qw: Melee chars always use a shield: true
     0 | D:1      | 0 ||| qw: God list: Okawaru
     0 | D:1      | 0 ||| qw: Allow faded altars: false
     0 | D:1      | 0 ||| qw: Do Orc after clearing Dungeon:15 true
     0 | D:1      | 0 ||| qw: Do second Lair branch before Depths: true
     0 | D:1      | 0 ||| qw: Lair rune preference: random
     0 | D:1      | 0 ||| qw: Goals: Normal
     0 | D:1      | 0 ||| PLANNING D:1-11
    43 | D:1      | Reached skill level 3 in Dodging
   127 | D:1      | 127 ||| RETREEEEATING.
   136 | D:1      | Reached XP level 2. HP: 12/14 MP: 3/3
   325 | D:1      | Reached XP level 3. HP: 18/18 MP: 4/4
   724 | D:1      | 724 ||| READING scroll labelled MUATOI JIGOSO.
   724 | D:1      | 724 ||| IDENTIFYING metallic sapphire potion
   725 | D:1      | 725 ||| READING scroll labelled WEDEETODUCW.
   726 | D:1      | 726 ||| DROPPING scroll of butterflies.
   727 | D:1      | 727 ||| DROPPING potion of berserk rage.
   777 | D:2      | Found the +7 Throatcutter {drain, coup de grace}
  1128 | D:2      | Reached XP level 4. HP: 22/22 MP: 5/5
  1395 | D:2      | 1395 ||| READING scroll of identify.
  1395 | D:2      | 1395 ||| IDENTIFYING blue potion
  1396 | D:2      | 1396 ||| READING scroll labelled WUICYO ISELEI.
  1397 | D:2      | 1397 ||| READING scroll labelled DAFFAKHL WUNT.
  1700 | D:3      | Found a shimmering altar of Xom.
  1726 | D:3      | Noticed Jessica
  1731 | D:3      | Killed Jessica
  1732 | D:3      | Reached XP level 5. HP: 23/26 MP: 6/6
  1758 | D:3      | Found a sparkling altar of Nemelex Xobeh.
  1812 | D:3      | Found a shimmering blue altar of Sif Muna.
  1830 | D:3      | Found a bloodstained altar of Trog.
  2182 | D:3      | 2182 ||| UPGRADING to +0 cloak.
  2187 | D:3      | 2187 ||| READING scroll of identify.
  2187 | D:3      | 2187 ||| IDENTIFYING fizzy green potion
  2188 | D:3      | 2188 ||| READING scroll labelled ONIRPH SINEH.
  2311 | D:4      | Noticed Blork the orc
  2319 | D:4      | Mangled by Blork the orc

Levels and vault maps discovered:
D:1:      scummos_arrival_gate, layout_loops_ring, minmay_lizard_king
D:2:      layout_loops_ring
D:3:      layout_basic, nzn_overflow_gifts_of_might_and_magic,
          mainiacjoe_overflow_catwalk, xom_butterflies, uniq_jessica
D:4:      layout_rooms, gammafunk_temple_overflow_elements,
          nicolae_twisty_statue_hallways, uniq_ijyb, uniq_blork_the_orc

Skill      XL: |  1  2  3  4 |
---------------+-------------+-----
Dodging        | 3 4 5 |  5.2
Ranged Weapons | 5 |  5.3
Fighting       | 2 |  2.1
Stealth        | |  1.5

Action                     |  1- 3 |  4- 6 || total
---------------------------+-------+-------++-------
   Fire: Shortbow          |    95 |    62 ||   157
    Use: Scroll            |     2 |     5 ||     7
 Armour: Robe              |    15 |     8 ||    23
  Dodge: Dodged            |    52 |     9 ||    61

Table legend:
 A = Non-vault XP
 B = Vault XP
 C = Vault XP percentage of total XP
 D = Non-vault monster count
 E = Vault monster count
 F = Vault count percentage of total count
                 A         B        C        D         E       F
            +---------+---------+-------+---------+---------+-------
      Total |     179 |      71 |  28.4 |      56 |      12 |  17.6
            +---------+---------+-------+---------+---------+-------
        D:1 |      67 |       9 |  11.8 |      33 |       9 |  21.4
        D:2 |      42 |       0 |   0.0 |       9 |       0 |   0.0
        D:3 |      68 |      62 |  47.7 |      13 |       3 |  18.8
        D:4 |       2 |       0 |   0.0 |       1 |       0 |   0.0
            +---------+---------+-------+---------+---------+-------
